Map: Orbital Shipyard

Players

Fenna (fenn3r)

  • Race: Zerg Zerg
  • League: Master

Spellchansky - Winner!

  • Race: Protoss Protoss
  • League: Master

Event: ASL Season 5 Prime League LOTV Beta

VOD

Have the link to the VOD?

Description

Time

  • Played on: Sept. 7, 2015, 8:35 p.m.
  • Length: 9:34

All games in this series

Show
View Real Time Build Order
Export as new Build Order

Fenna Zerg 

Build Orders: Hatch First, Lurkers 

Get SALT Encoding   

  12  0:01  Drone  
  13  0:13  Overlord  
  13  0:17  Drone  
  14  0:31  Drone x2  
  17  0:35  Drone  
  17  0:51  Hatchery  
  17  0:55  Drone  
  17  0:57  Drone  
  18  1:07  Drone  
  19  1:15  Spawning Pool  
  19  1:17  Drone  
  19  1:21  Extractor  
  18  1:29  Drone  
  19  1:39  Drone  
  20  1:51  Overlord  
  20  2:01  Queen  
  20  2:03  Zergling x2  
  20  2:05  Queen  
  20  2:07  Zergling x2  
  26  2:13  Drone  
  26  2:14  Drone  
  28  2:27  Drone x2  
  30  2:35  Overlord  
  30  2:36  Metabolic Boost, Drone  
  31  2:45  Drone  
  31  2:48  Drone  
  34  2:58  Drone x2  
  34  3:02  Evolution Chamber  
  33  3:08  Overlord  
  33  3:09  Queen  
  33  3:12  Zergling x2  
  36  3:14  Zergling x2  
  36  3:16  Zergling x2  
  38  3:23  Zergling x10  
  43  3:32  Zergling x2  
  44  3:36  Zerg Ground Armor Level 1, Zergling x2  
  44  3:37  Zergling x2  
  45  3:49  Zergling x12  
  51  4:01  Overlord  
  51  4:03  Overlord  
  51  4:10  Roach Warren  
  50  4:21  Overlord  
  50  4:26  Drone x8  
  58  4:35  Overlord  
  58  4:37  Drone  
  59  4:46  Extractor  
  59  4:48  Extractor  
  59  4:50  Drone x6  
  63  4:57  Zergling x2  
  64  5:05  Drone x2  
  66  5:12  Lair  
  66  5:13  Hatchery, Roach  
  67  5:16  Roach x4  
  67  5:20  Drone  
  76  5:21  Drone x2  
  78  5:32  Zerg Missile Weapons Level 1  
  78  5:36  Overlord  
  78  5:37  Drone x2  
  78  5:40  Extractor  
  79  5:43  Ravager x3  
  82  5:51  Overlord x2  
  82  5:52  Overlord x2  
  82  6:03  Overlord  
  82  6:05  Overlord  
  82  6:08  Ravager  
  82  6:09  Ravager  
  84  6:14  Overlord  
  74  6:41  Overlord  
  72  6:48  Overlord  
  72  6:49  Glial Reconstitution  
  72  6:50  Roach  
  72  6:51  Roach x4  
  81  7:09  Hydralisk Den  
  81  7:15  Hatchery  
  79  7:16  Overlord  
  79  7:18  Drone x6  
  79  7:19  Drone x7  
  79  7:21  Queen  
  94  7:26  Lurker Den  
  94  7:28  Hatchery  
  93  7:32  Drone x9  
  102  7:43  Hydralisk x3  
  108  7:50  Hydralisk  
  110  7:55  Hydralisk  
  112  8:03  Hydralisk x2  
  112  8:04  Hydralisk  
  118  8:12  Ravager x4  
  122  8:17  Extractor  
  121  8:21  Extractor  
  120  8:28  Overlord  
  120  8:33  Zergling x26  
  132  8:44  Overlord  
  132  8:55  Lurker x5  
  137  8:56  Overlord  
  137  8:59  Zergling x22  
  148  9:04  Overseer x2  
Show
View Real Time Build Order
Export as new Build Order

Spellchansky Protoss - Winner!

Build Orders: 1 Gate Expand, Nexus First 

Get SALT Encoding   

  12  0:00  Probe (Chrono Boost)  
  13  0:10  Probe (Chrono Boost)  
  14  0:18  Pylon  
  14  0:21  Probe (Chrono Boost)  
  15  0:36  Probe (Chrono Boost)  
  15  0:40  Gateway  
  16  0:46  Probe (Chrono Boost)  
  17  1:05  Nexus  
  17  1:14  Pylon  
  17  1:15  Probe (Chrono Boost)  
  18  1:21  Assimilator  
  18  1:25  Probe (Chrono Boost)  
  19  1:30  Assimilator  
  19  1:35  Probe (Chrono Boost)  
  20  1:41  Cybernetics Core  
  20  1:45  Probe (Chrono Boost)  
  21  1:55  Probe (Chrono Boost)  
  22  2:05  Probe (Chrono Boost)  
  23  2:15  Mothership Core (Chrono Boost)  
  24  2:17  Adept (Chrono Boost)  
  24  2:21  Probe  
  28  2:25  Warp Gate (Chrono Boost)  
  28  2:33  Probe x2  
  30  2:39  Gateway  
  30  2:40  Stalker (Chrono Boost)  
  32  2:44  Probe (Chrono Boost)  
  32  2:45  Probe (Chrono Boost)  
  34  2:56  Probe (Chrono Boost)  
  34  2:57  Probe (Chrono Boost)  
  36  3:06  Probe (Chrono Boost)  
  36  3:07  Probe (Chrono Boost)  
  36  3:10  Sentry  
  40  3:16  Probe (Chrono Boost), Pylon, Gateway  
  41  3:21  Probe (Chrono Boost)  
  42  3:29  Pylon  
  42  3:30  Probe (Chrono Boost)  
  42  3:31  Pylon  
  42  3:32  Probe (Chrono Boost)  
  44  3:38  Pylon  
  44  3:40  Probe (Chrono Boost)  
  45  3:42  Probe (Chrono Boost)  
  46  3:50  Probe (Chrono Boost)  
  46  3:53  Probe (Chrono Boost), Forge  
  46  3:54  Assimilator  
  48  3:58  Assimilator  
  48  3:59  Probe (Chrono Boost)  
  49  4:04  Probe (Chrono Boost)  
  49  4:08  Probe  
  50  4:10  Pylon  
  50  4:16  Probe  
  52  4:17  Protoss Ground Weapons Level 1 (Chrono Boost)  
  52  4:20  Probe  
  53  4:28  Photon Cannon  
  53  4:29  Probe, Robotics Facility  
  53  4:31  Adept x2  
  58  4:32  Adept  
  58  4:33  Probe  
  61  4:46  Probe (Chrono Boost)  
  61  4:49  Twilight Council  
  62  4:54  Pylon  
  62  4:57  Probe (Chrono Boost)  
  62  4:59  Probe (Chrono Boost)  
  64  5:10  Gateway  
  64  5:12  Sentry, Gateway  
  66  5:15  Immortal (Chrono Boost)  
  66  5:19  Sentry x2  
  66  5:20  Pylon  
  74  5:24  Pylon  
  74  5:26  Blink (Chrono Boost)  
  74  5:39  Gateway x2  
  74  5:42  Gateway  
  74  5:45  Gateway  
  74  6:01  Probe  
  75  6:07  Probe  
  75  6:08  Stalker x2  
  75  6:09  Immortal (Chrono Boost)  
  84  6:13  Probe  
  84  6:17  Pylon  
  85  6:18  Pylon  
  85  6:19  Probe  
  85  6:20  Pylon  
  86  6:30  Pylon  
  86  6:32  Probe  
  86  6:36  Probe  
  86  6:39  Protoss Ground Weapons Level 2 (Chrono Boost)  
  86  6:42  Immortal (Chrono Boost)  
  86  6:44  Probe  
  91  6:49  Zealot  
  91  6:50  Zealot x4  
  101  6:59  Dark Shrine  
  101  7:02  Nexus  
  101  7:03  Photon Cannon  
  101  7:04  Photon Cannon  
  101  7:07  Probe  
  102  7:12  Probe  
  103  7:15  Stalker  
  103  7:16  Stalker  
  103  7:17  Sentry  
  109  7:30  Pylon  
  109  7:32  Pylon  
  109  7:34  Pylon  
  109  7:39  Photon Cannon  
  109  7:46  Warp Prism (Chrono Boost)  
  109  7:49  Photon Cannon  
  111  7:52  Pylon  
  111  7:54  Probe  
  111  7:56  Assimilator  
  111  7:57  Assimilator  
  112  8:02  Pylon  
  112  8:03  Zealot  
  114  8:08  Stalker  
  114  8:09  Stalker x2  
  120  8:17  Observer (Chrono Boost)  
  121  8:27  Probe x2  
  121  8:30  Probe  
  121  8:34  Robotics Facility  
  124  8:36  Robotics Bay  
  124  8:39  Probe  
  124  8:40  Pylon  
  124  8:41  Pylon  
  125  8:55  Dark Templar x4  
  131  9:00  Dark Templar, Zealot  
Tags
 
Add a new tag
Caveats
  • Supply blocks, unpowered buildings, or Contaminate may cause inaccurate times.
  • Supply counts are checked every 10 seconds.